 Dungeon Crawl Stone Soup version 0.29-a0-541-gaf1fc19f1b (webtiles) character file.

Game seed: 17311721258960453848

62754 Conn the Thaumaturge (level 15, -8/132 HPs)
             Began as an Octopode Fire Elementalist on June 2, 2022.
             Was a High Priest of Sif Muna.
             Shot with a bolt by an orc knight (21 damage)
             ... on level 1 of the Orcish Mines.
             The game lasted 02:25:36 (28731 turns).

Conn the Thaumaturge (Octopode Fire Elementalist)  Turns: 28731, Time: 02:25:37

Health: -8/132     AC: 27    Str:  8    XL:     15   Next: 7%
Magic:  10/32      EV:  2    Int: 26    God:    Sif Muna [*****.]
Gold:   1407       SH:  0    Dex: 13    Spells: 3/41 levels left

rFire   . . .      SeeInvis .   D - +5 dagger (elec)
rCold   + . .      Faith    .   (no shield)
rNeg    + + .      Spirit   .   (helmet currently unavailable)
rPois   +          Reflect  .   y - amulet of magic regeneration
rElec   .          Harm     .   x - +4 ring of evasion
rCorr   .          Rampage  .   B - ring of protection from cold
Will    +....      Rage     1%  d - ring of positive energy
Stlth   ++++...... NoTele   +   F - ring of positive energy
HPRegen 0.32/turn               G - ring of poison resistance
MPRegen 0.63/turn               (no ring)
                                (no ring)
                                (no ring)

@: tree-form
A: stationary, stasis, torment immunity, boosted hp, almost no armour,
(amphibious), 8 rings, (camouflage 1), (gelatinous body 1), (nimble swimmer 1),
(tentacles), berserk 1, clever 1, sense surroundings 1
a: Renounce Religion, Channel Magic, Forget Spell, Divine Exegesis


You were on level 1 of the Orcish Mines.
You worshipped Sif Muna.
Sif Muna was extremely pleased with you.
You were a tree.
You visited 4 branches of the dungeon, and saw 19 of its levels.
You also visited: Sewer and Bailey.

You collected 1407 gold pieces.

Inventory:

Hand Weapons
 b - the +5 scythe "Finisher" {speed, eviscerate}
   (You found it on level 10 of the Dungeon)

   Attacks with this weapon are significantly faster.
   It may eviscerate those it strikes, slaying them instantly, with a decreasing
   chance against stronger foes.
 f - the +5 short sword "Kidd" {freeze, rF- Dex+7}
   (You found it on level 5 of the Dungeon)

   It freezes those it strikes, dealing additional cold damage.
   It can also slow down cold-blooded creatures.
   Dex:       It affects your dexterity (+7).
   rF:        It makes you vulnerable to fire.
 n - a +6 dagger of venom
 w - the +5 halberd of Conscience {flame, Int+2}
   (You took it off a hobgoblin in a bailey)

   It burns those it strikes, dealing additional fire damage.
   Big, fiery blades are also staple armaments of hydra-hunters.
   Int:       It affects your intelligence (+2).
 D - a +5 dagger of electrocution (weapon)
Missiles
 c - 6 javelins
 p - a throwing net
 u - 65 poisoned darts
 v - 10 curare-tipped darts (quivered)
 A - 5 atropa-tipped darts
 E - 2 boomerangs of dispersal
Armour
 a - a +2 hat of willpower (melded)
Jewellery
 d - a ring of positive energy (on tentacle)
 e - an amulet of faith
 x - a +4 ring of evasion (left branch)
 y - an amulet of magic regeneration (around neck)
 B - a ring of protection from cold (right branch)
 F - a ring of positive energy (on tentacle)
 G - a ring of poison resistance (on tentacle)
Wands
 r - a wand of digging (17)
 H - a wand of flame (2)
 J - a wand of iceblast (8)
Scrolls
 k - 6 scrolls of magic mapping
 m - 3 scrolls of amnesia
 o - 3 scrolls of enchant armour
 t - 4 scrolls of poison
 z - 4 scrolls of teleportation
 C - 19 scrolls of identify
 K - a scroll of enchant weapon
 L - 2 scrolls of blinking
Potions
 g - 4 potions of attraction
 h - 3 potions of mutation
 i - 8 potions of flight
 j - 6 potions of brilliance
 l - a potion of resistance
 q - a potion of cancellation
 s - 10 potions of curing
 I - 2 potions of might
 M - a potion of berserk rage


   Skills:
 + Level 3.1 Fighting
 + Level 3.6 Short Blades
 + Level 1.3 Polearms
 + Level 1.0 Throwing
 + Level 4.5 Dodging
 + Level 8.5 Stealth
 + Level 13.7 Spellcasting
 + Level 9.0 Conjurations
 + Level 4.5 Hexes
 * Level 0.5 Summonings
 + Level 7.8 Translocations
 + Level 2.3 Transmutations
 + Level 12.8 Fire Magic
 * Level 2.3 Air Magic
 + Level 2.2 Poison Magic
 * Level 9.3 Invocations
 + Level 0.1 Evocations


You had 3 spell levels left.
You knew the following spells:

 Your Spells              Type           Power      Damage    Failure   Level
a - Foxfire               Conj/Fire      100%       2x1d9     1%          1
b - Summon Lightning Spi  Summ/Air       25%        N/A       17%         4
c - Inner Flame           Hex/Fire       58%        N/A       1%          3
d - Flame Wave            Conj/Fire      65%        2d12      1%          4
e - Scorch                Fire           100%       2d10      1%          2
f - Sticky Flame          Conj/Fire      65%        2d8       1%          4
g - Dispersal             Tloc           27%        N/A       19%         6
h - Teleport Other        Tloc           55%        N/A       1%          3
i - Mephitic Cloud        Conj/Pois/Air  41%        N/A       1%          3
j - Spider Form           Tmut/Pois      29%        N/A       3%          3
k - Irradiate             Conj/Tmut      23%        3d21      9%          5

Your spell library contained the following spells:

 Spells                   Type           Power      Damage    Failure   Level
 Magic Dart               Conj           100%       1d8       1%          1
 Slow                     Hex            100%       N/A       1%          1
 Ensorcelled Hibernation  Hex/Ice        58%        N/A       1%          2
 Static Discharge         Conj/Air       47%        N/A       1%          2
 Confusing Touch          Hex            41%        N/A       1%          3
 Conjure Flame            Conj/Fire      65%        6-21      1%          3
 Gell's Gravitas          Tloc           55%        N/A       1%          3
 Lesser Beckoning         Tloc           55%        N/A       1%          3
 Tukima's Dance           Hex            41%        N/A       1%          3
 Call Imp                 Summ           20%        N/A       3%          2
 Vampiric Draining        Necr           17%        2d7       10%         3
 Cause Fear               Hex            20%        N/A       4%          4
 Anguish                  Hex/Necr       14%        N/A       12%         4
 Dispel Undead            Necr           17%        3d10      30%         4
 Summon Mana Viper        Hex/Summ       31%        N/A       30%         5
 Alistair's Intoxication  Tmut/Pois      19%        N/A       34%         5
 Conjure Ball Lightning   Conj/Air       23%        3x3d6     43%         6
 Borgnjor's Vile Clutch   Necr/Erth      8%         N/A       65%         5
 Eringya's Noxious Bog    Tmut/Pois      14%        N/A       88%         6
 Discord                  Hex            20%        N/A       100%        8
 Disjunction              Tloc           27%        N/A       100%        8
 Chain Lightning          Conj/Air       23%        3d31      100%        9
 Fire Storm               Conj/Fire      32%        8d8       100%        9
 Shatter                  Erth           8%         3d10*     100%        9


Dungeon Overview and Level Annotations

Branches:
Dungeon (11/15)            Temple (1/1) D:5            Lair (6/6) D:8
  Swamp (0/4) Lair:3        Snake (0/4) Lair:2        Slime (0/5) Lair:6
    Orc (1/2) D:11          Sewer (visited)          Bailey (visited)

Altars:
Elyvilon
Fedhas
Gozag
Hepliaklqana
Makhleb
Okawaru
Qazlal
Ru
Sif Muna
Trog
Uskayaw
Wu Jian
Yredelemnul
Zin
The Shining One


Innate Abilities, Weirdness & Mutations

You are a tree.
Your roots penetrate the ground, keeping you stationary.
You cannot be teleported.
You are immune to unholy pain and torment.
Your maximum health is greatly increased.
You cannot wear most types of armour.
((You are amphibious.))
You can wear up to eight rings at the same time.
((Your skin changes colour to match your surroundings (Stealth+).))
((Your rubbery body absorbs attacks. (AC +1, EV +1)))
((You are camouflaged when in or above water. (Stealth+)))
((You have tentacles for arms and can constrict up to eight enemies at once.))
You tend to lose your temper in combat.
Your mind is acute. (Int +2)
You passively map a small area around you.


Message History

The orc knight seems less confused.
The foxfire hits the orc knight but does no damage.
The orc knight is moderately wounded.
The foxfire hits the orc knight but does no damage.
The orc knight is moderately wounded.
Casting: Inner Flame (safe; 1% risk of failure)
Confirm with . or Enter, or press ? or * to list all spells.
Flames lash the orc knight but do no damage.
The orc knight shoots a bolt.
The bolt hits you!
Your lightning spire shoots out a bolt of lightning at the orc knight!
The bolt of electricity hits the orc knight!
Flame seeps out of the orc knight.
Casting: Scorch (safe; 1% risk of failure)
Confirm with . or Enter, or press ? or * to list all spells.
Flames lash the orc knight but do no damage.
The orc knight is engulfed in blazing flames.
Flame seeps out of the orc knight.
The orc knight shoots a bolt.
The bolt hits you!
Your lightning spire shoots out a bolt of lightning at the orc knight!
The bolt of electricity hits the orc knight but does no damage.
Casting: Scorch (safe; 1% risk of failure)
Confirm with . or Enter, or press ? or * to list all spells.
Flames lash the orc knight but do no damage.
The orc knight is engulfed in blazing flames.
Flame seeps out of the orc knight.
The orc knight shoots a bolt.
The bolt hits you!!
* * * LOW HITPOINT WARNING * * *
Okay, then.
Casting: Scorch (safe; 1% risk of failure)
Confirm with . or Enter, or press ? or * to list all spells.
Okay, then.
Casting: Scorch (safe; 1% risk of failure)
Confirm with . or Enter, or press ? or * to list all spells.
Okay, then.
Really quaff the potion of lignification?
You turn into a tree.
Your +2 hat of willpower melds into your body.
You feel less strong-willed.
Your roots penetrate the ground.
The orc knight shoots a bolt.
The bolt hits you!!
You die...

##.#. ..####...
##..... ...#...... ,
....... #.....)..# *
....... #......$.#.
*
......####..........
*
#....)..o........#.
* *
#......§§§..........
#....).§)§#........#
*
#.#♣..).☼#.#........
#..#..#...#......# ,
, , *
##8#.##..##......# ,
* #####....#.......
, * ##.#......... ,
,* #.#.....#... *
###...###.#. , ,
#......#...# ,
#.......#.#.


You could see an orc knight (inner flame, ally target) and a friendly lightning
spire (summoned).

Vanquished Creatures
  Gastronok (Lair:3)
  Harold (Lair:1)
  4 hydras
  An ice dragon (Lair:2)
  2 catoblepae
  3 two-headed ogres
  An alligator (shapeshifter) (Lair:6)
  3 thrashing horrors (Lair:6)
  Sonja (D:11)
  Amaemon (Lair:1)
  A skeletal warrior (D:10)
  5 bog bodies (Lair:3)
  An orc knight (D:10)
  An orc sorcerer (Orc:1)
  3 cyclopes (D:10)
  12 elephants
  2 ugly things
  4 black mambas
  8 cane toads
  3 smoke demons (Lair:6)
  A torpor snail (Lair:5)
  An orange demon (Lair:1)
  Maggie (D:9)
  A gargoyle (D:11)
  A rime drake (Lair:2)
  3 kobold demonologists (D:10)
  An ancient zyme (Lair:6)
  5 komodo dragons
  2 polar bears
  4 trolls
  A hornet (Lair:2)
  Prince Ribbit (D:5)
  25 blink frogs
  Sigmund (D:5)
  2 dream sheep (Lair:5)
  4 wraiths
  A ynoxinul (Lair:6)
  4 basilisks
  3 wyverns
  70 yaks
  A steam dragon (D:6)
  2 chaos spawn (Lair:6)
  15 water moccasins
  A swamp worm (Lair:3)
  A hell hound (D:10)
  10 wargs (D:10)
  3 nagas (Lair:2)
  An acid dragon (D:11)
  3 large abominations (Lair:6)
  16 orc warriors
  A black bear (D:6)
  An ice beast (D:6)
  53 wolves
  5 ogres
  A centaur (D:11)
  2 phantoms
  10 kobold brigands
  4 gnoll sergeants (D:10)
  11 bullfrogs
  A scorpion (D:6)
  8 wights
  7 small abominations (Lair:6)
  8 howler monkeys
  3 electric eels
  4 jellies
  3 hounds
  3 gnoll shamans (D:10)
  9 orc priests
  2 iguanas
  13 orc wizards
  6 river rats
  14 adders
  7 gnolls
  4 shadow imps
  2 white imps
  An ufetubus (D:4)
  2 worms (D:3)
  5 dart slugs
  19 orcs
  8 endoplasms
  4 giant cockroaches
  4 goblins
  11 hobgoblins
  3 quokkas
  19 ball pythons
  3 bats
  7 frilled lizards
  46 kobolds
  37 rats
594 creatures vanquished.

Vanquished Creatures (collateral kills)
  19 foxfires
19 creatures vanquished.

Vanquished Creatures (others)
  1859 foxfires
  29 fungi
  78 plants
1966 creatures vanquished.

Grand Total: 2579 creatures vanquished

Notes
Turn   | Place    | Note
-------+----------+-------------------------------------------
     0 | D:1      | Conn the Octopode Fire Elementalist began the quest for the
                  | Orb.
     0 | D:1      | Reached XP level 1. HP: 11/11 MP: 3/3
   315 | D:1      | Reached XP level 2. HP: 17/17 MP: 1/5
   943 | D:1      | Reached XP level 3. HP: 18/21 MP: 6/6
  1572 | D:2      | Found a faded altar of an unknown god.
  1687 | D:2      | Reached XP level 4. HP: 27/27 MP: 5/8
  2098 | D:2      | Learned a level 2 spell: Scorch
  2102 | D:2      | Learned a level 3 spell: Conjure Flame
  2370 | D:3      | Found an opulent altar of Gozag.
  2719 | D:3      | Reached skill level 3 in Spellcasting
  2720 | D:3      | Reached XP level 5. HP: 20/31 MP: 2/9
  2754 | D:3      | Found a glowing drain.
  2761 | Sewer    | Entered a sewer
  3401 | Sewer    | Reached XP level 6. HP: 37/37 MP: 4/10
  3454 | Sewer    | Reached skill level 1 in Short Blades
  3458 | Sewer    | Reached skill level 1 in Fighting
  4655 | D:4      | Reached XP level 7. HP: 43/43 MP: 7/12
  4746 | D:4      | Found a glowing golden altar of the Shining One.
  4903 | D:4      | Found an iron altar of Okawaru.
  4940 | D:4      | Found a stormy altar of Qazlal.
  5319 | D:5      | Entered Level 5 of the Dungeon
  5324 | D:5      | Learned a level 3 spell: Inner Flame
  5329 | D:5      | Learned a level 4 spell: Flame Wave
  5488 | D:5      | Found a staircase to the Ecumenical Temple.
  5494 | Temple   | Entered the Ecumenical Temple
  5506 | Temple   | Became a worshipper of Sif Muna the Loreminder
  5528 | D:5      | Reached skill level 4 in Spellcasting
  5599 | D:5      | Reached skill level 5 in Fire Magic
  5704 | D:5      | Found a bloodstained altar of Trog.
  5864 | D:5      | Noticed Sigmund
  5869 | D:5      | Killed Sigmund
  5870 | D:5      | Reached skill level 5 in Stealth
  5870 | D:5      | Noticed Prince Ribbit
  5875 | D:5      | Killed Prince Ribbit
  5876 | D:5      | Reached XP level 8. HP: 48/48 MP: 2/15
  6048 | D:5      | Found a white marble altar of Elyvilon.
  6084 | D:5      | Identified the +5 short sword "Kidd" {freeze, rF- Dex+7}
  6238 | D:5      | Reached skill level 5 in Spellcasting
  6566 | D:6      | Noticed a yak
  6572 | D:6      | Noticed a yak
  6574 | D:6      | Noticed a yak
  6574 | D:6      | Noticed a yak
  6576 | D:6      | Noticed a yak
  6580 | D:5      | Killed a yak
  6700 | D:5      | Learned a level 4 spell: Sticky Flame
  7097 | D:6      | Killed a yak
  7098 | D:6      | Reached skill level 6 in Spellcasting
  7098 | D:6      | Reached XP level 9. HP: 29/54 MP: 0/18
  7784 | D:6      | Reached skill level 5 in Conjurations
  8175 | D:7      | Reached * piety under Sif Muna
  8423 | D:7      | Reached skill level 7 in Spellcasting
  8819 | D:8      | Found a burning altar of Makhleb.
  8819 | D:8      | Found a sacrificial altar of Ru.
  8860 | D:8      | Reached skill level 1 in Hexes
  9000 | D:8      | Noticed a komodo dragon
  9067 | D:8      | Killed a komodo dragon
  9209 | D:8      | Reached XP level 10. HP: 60/60 MP: 15/21
  9521 | D:8      | Noticed a two-headed ogre
  9528 | D:8      | Killed a two-headed ogre
  9735 | D:8      | Reached skill level 8 in Spellcasting
  9819 | D:8      | Reached skill level 9 in Spellcasting
  9820 | D:8      | Reached skill level 1 in Invocations
 10041 | D:8      | Reached XP level 11. HP: 48/64 MP: 13/24
 10538 | D:8      | Found a staircase to the Lair.
 10599 | D:9      | Found a flagged portal.
 10619 | D:9      | Learned a level 6 spell: Dispersal
 10620 | Bailey   | Entered a bailey
 10640 | Bailey   | Reached ** piety under Sif Muna
 10970 | Bailey   | Identified the +5 halberd of Conscience {flame, Int+2}
 11138 | Bailey   | Reached skill level 1 in Translocations
 11347 | D:9      | Gained mutation: Your mind is acute. (Int +2) [potion of
                  | mutation]
 11347 | D:9      | Gained mutation: You tend to lose your temper in combat.
                  | [potion of mutation]
 11347 | D:9      | Gained mutation: You passively map a small area around you.
                  | [potion of mutation]
 11385 | D:9      | Learned a level 3 spell: Teleport Other
 11464 | D:9      | Learned a level 3 spell: Mephitic Cloud
 11624 | D:9      | Noticed Maggie
 11673 | D:9      | Killed Maggie
 12506 | D:10     | Entered Level 10 of the Dungeon
 12589 | D:10     | Reached *** piety under Sif Muna
 12773 | D:10     | Reached skill level 1 in Polearms
 13135 | D:10     | Noticed a skeletal warrior
 13159 | D:10     | Reached skill level 10 in Spellcasting
 13187 | D:10     | Reached skill level 10 in Fire Magic
 13580 | D:10     | Noticed a cyclops
 13886 | D:10     | Noticed a cyclops
 13926 | D:10     | Killed a cyclops
 14178 | D:10     | Noticed an orc knight
 14191 | D:10     | Killed an orc knight
 14192 | D:10     | Reached XP level 12. HP: 50/70 MP: 5/26
 14354 | D:10     | Noticed a sun demon
 14604 | D:10     | Noticed a two-headed ogre
 14610 | D:10     | Killed a two-headed ogre
 14813 | D:10     | Got the Grimoire of the Mutagenic Voyage
 15495 | D:10     | Noticed a two-headed ogre
 15501 | D:10     | Killed a two-headed ogre
 15502 | D:10     | Reached skill level 5 in Invocations
 15575 | D:10     | Reached skill level 11 in Spellcasting
 16204 | D:10     | Reached **** piety under Sif Muna
 16310 | D:10     | Found the +5 scythe "Finisher" {speed, eviscerate}
 16428 | D:11     | Found a staircase to the Orcish Mines.
 17061 | D:11     | Noticed Sonja
 17068 | D:11     | Killed Sonja
 17271 | Orc:1    | Entered Level 1 of the Orcish Mines
 17283 | Orc:1    | Paralysed by an orc sorcerer for 4 turns
 17498 | Lair:1   | Entered Level 1 of the Lair of Beasts
 17615 | Lair:1   | Noticed a seven-headed hydra
 17626 | Lair:1   | Killed a seven-headed hydra
 17702 | Lair:1   | Reached skill level 5 in Translocations
 17923 | Lair:1   | Reached skill level 1 in Poison Magic
 17937 | Lair:1   | Reached XP level 13. HP: 50/76 MP: 6/28
 18233 | Lair:1   | Noticed Harold
 18240 | Lair:1   | Killed Harold
 18334 | Lair:1   | Noticed Amaemon
 18349 | Lair:1   | Killed Amaemon
 19652 | Lair:2   | Reached skill level 12 in Spellcasting
 19672 | Lair:2   | Found a staircase to the Snake Pit.
 19694 | Lair:2   | Reached ***** piety under Sif Muna
 20283 | Lair:2   | Noticed an ice dragon
 20320 | Lair:2   | Killed an ice dragon
 20321 | Lair:2   | Reached skill level 1 in Throwing
 21522 | Lair:2   | Learned a level 3 spell: Spider Form
 22006 | Lair:3   | Noticed Gastronok
 22021 | Lair:3   | Killed Gastronok
 22501 | Lair:4   | Reached skill level 1 in Air Magic
 23147 | Lair:3   | Reached XP level 14. HP: 61/83 MP: 19/30
 23303 | Lair:3   | Received a gift from Sif Muna
 23525 | Lair:3   | Found a staircase to the Swamp.
 24802 | Lair:5   | Reached skill level 13 in Spellcasting
 25247 | Lair:6   | Entered Level 6 of the Lair of Beasts
 25254 | Lair:6   | Learned a level 5 spell: Irradiate
 25345 | Lair:6   | Reached skill level 1 in Transmutations
 25447 | Lair:6   | Received a gift from Sif Muna
 25448 | Lair:6   | Got Sif Muna's Volume of Malediction and Lightness {god
                  | gift}
 26642 | Lair:6   | Found a staircase to the Slime Pits.
 27062 | Lair:6   | Noticed a quicksilver ooze
 27072 | Lair:6   | a quicksilver ooze changed into an alligator
 27678 | Lair:4   | Reached XP level 15. HP: 38/88 MP: 28/32
 28492 | D:9      | Learned a level 4 spell: Summon Lightning Spire
 28731 | Orc:1    | Shot with a bolt by an orc knight

Illustrated notes

Levels and vault maps discovered:
D:1:      shiori_arrival_elements, layout_loops_ring
D:2:      wander_river, layout_basic, hellmonk_ecumenical_altar_blasted,
          minmay_tetromino_l2
D:3:      layout_basic, mainiacjoe_overflow_concentric_impassable,
          lightli_sewer_entry_pipes, minivault_24
D:4:      layout_rooms, tso_metal_star, mainiacjoe_overflow_swirl,
          minmay_quantized
D:5:      layout_cave_pods, elyvilon_altar_5, trog_three_pillars_becter,
          minmay_temple_entry_waves, mrwooster_statue_mirror,
          uniq_prince_ribbit1, uniq_sigmund
D:6:      layout_cave_pods
D:7:      layout_cave_pools
D:8:      argonaut_augean_stables, layout_basic,
          chequers_temple_overflow_statue_of_worship, david_lair_shrubbed
D:9:      layout_irregular_city, enter_bailey_6, uniq_maggie
D:10:     lemuel_castle_with_subvaults [lemuel_castle_interior_carwin_2],
          layout_stronghold, serial_glass, glass_columns_c, glass_columns_c,
          minmay_misc_feat_four_crosses, minmay_guarded_unrand_finisher
D:11:     layout_rooms, david_orc_3, uniq_sonja
Temple:   nicolae_temple_great_sept
Lair:1:   layout_hall_layers, uniq_harold, uniq_amaemon
Lair:2:   dragon1_lemuel, layout_long_grid, minmay_snake_entry_guardpost_small,
          serial_rivers, chequers_serial_rivers_large_a,
          chequers_serial_rivers_marsh, chequers_serial_rivers_micro_a,
          chequers_serial_rivers_micro_c, chequers_serial_rivers_small_a,
          chequers_serial_rivers_micro_c, serial_bayou_pond_c, minivault_25,
          wad_woods_river_04, grunt_forest_stairs_basic
Lair:3:   layout_loops_ring, nicolae_swamp_entry_splash_gauntlet,
          grunt_megastairs_1, uniq_gastronok
Lair:4:   layout_layer_cave, grunt_forest_large_clearings
Lair:5:   layout_cave_shapes, kennysheep_catoblepas_arena
Lair:6:   hellmonk_lair_end_abyssal_woods, layout_long_grid,
          dpeg_slime_entry_corner, infiniplex_staircase_pool
Orc:1:    layout_diamond_mine, okawaru_metal_pillars_1_2

Skill      XL: |  1  2  3  4  5  6  7  8  9 10 11 12 13 14 |
---------------+-------------------------------------------+-----
Stealth        | 3 4 5 6 7 8 |  8.5
Spellcasting   | 3 4 6 7 9 10 11 12 13 | 13.7
Fire Magic     | 4 5 6 7 9 10 11 12 | 12.8
Short Blades   | 1 2 3 |  3.6
Fighting       | 1 2 3 |  3.1
Conjurations   | 2 3 4 5 6 7 8 9 |  9.0
Dodging        | 3 4 |  4.5
Hexes          | 1 3 4 |  4.5
Invocations    | 1 4 6 7 9 |  9.3
Translocations | 3 5 7 |  7.8
Polearms       | 1 |  1.3
Poison Magic   | 1 2 |  2.2
Throwing       | 1 |  1.0
Air Magic      | 1 2 |  2.3
Transmutations | 2 |  2.3
Summonings     | |  0.5
Evocations     | |  0.1

Action                   |  1- 3 |  4- 6 |  7- 9 | 10-12 | 13-15 || total
-------------------------+-------+-------+-------+-------+-------++-------
Melee: Short sword       |    28 |    33 |       |       |       ||    61
       Tentacles         |     6 |     9 |     2 |    13 |    55 ||    85
       Constrict         |     7 |    10 |       |     6 |    23 ||    46
       Dagger            |       |     7 |    22 |    57 |   160 ||   246
       Halberd           |       |       |       |    21 |       ||    21
       Punch             |       |       |       |       |     4 ||     4
Throw: Dart              |       |       |       |     3 |     6 ||     9
       Javelin           |       |       |       |     1 |       ||     1
 Cast: Foxfire           |    56 |    83 |   187 |   369 |   363 ||  1058
       Scorch            |       |    13 |    19 |   113 |   171 ||   316
       Inner Flame       |       |       |     8 |    40 |    49 ||    97
       Conjure Flame     |       |       |     3 |    14 |     7 ||    24
       Flame Wave        |       |       |     1 |    12 |    29 ||    42
       Sticky Flame      |       |       |     1 |     6 |     1 ||     8
       Mephitic Cloud    |       |       |       |    15 |    54 ||    69
       Teleport Other    |       |       |       |     1 |     6 ||     7
       Dispersal         |       |       |       |       |     4 ||     4
       Irradiate         |       |       |       |       |     5 ||     5
       Fire Storm        |       |       |       |       |     1 ||     1
       Summon Lightning  |       |       |       |       |     1 ||     1
Invok: Channel Magic     |       |       |       |     3 |     1 ||     4
       Divine Exegesis   |       |       |       |       |     1 ||     1
Evoke: Wand              |       |       |       |     8 |     2 ||    10
  Use: Potion            |       |     3 |     1 |     4 |    12 ||    20
       Scroll            |       |       |    17 |    16 |     7 ||    40
 Stab: Sleeping          |     3 |     4 |     6 |     2 |     4 ||    19
       Confused          |       |       |       |     5 |    20 ||    25
Armor: Skin              |     3 |     4 |       |     2 |    15 ||    24
Dodge: Dodged            |    28 |    53 |    13 |   112 |   211 ||   417

Table legend: (Time is in decaauts)
 A = Elapsed time spent in this place.
 B = Non-inter-level travel time spent in this place.
 C = Inter-level travel time spent in this place.
 D = Time resting spent in this place.
 E = Time spent auto-exploring this place.
 F = Levels seen in this place.
 G = Mean time per level.
                   A        B        C        D        E       F      G
               +--------+--------+--------+--------+--------+-----+--------+
         Total |  28768 |  28156 |    612 |   2116 |  20224 |  21 | 1369.9 |
       Dungeon |  15986 |  15522 |    464 |    841 |  11648 |  11 | 1453.3 |
        Temple |     22 |     12 |     10 |      0 |      1 |   1 |   22.0 |
          Lair |  10923 |  10787 |    136 |   1275 |   7286 |   6 | 1820.5 |
  Orcish Mines |    230 |    230 |      0 |      0 |    124 |   1 |  230.0 |
         Sewer |    911 |    911 |      0 |      0 |    711 |   1 |  911.0 |
        Bailey |    694 |    694 |      0 |      0 |    454 |   1 |  694.0 |
               +--------+--------+--------+--------+--------+-----+--------+

Top non-repeatable levels by time:
    D:10: 3830 daAuts
  Lair:2: 2723 daAuts
  Lair:4: 1900 daAuts
     D:8: 1873 daAuts
  Lair:6: 1689 daAuts
  Lair:3: 1679 daAuts
  Lair:1: 1660 daAuts
     D:6: 1460 daAuts
     D:3: 1432 daAuts
     D:9: 1399 daAuts
     D:5: 1354 daAuts
  Lair:5: 1270 daAuts
     D:1: 1120 daAuts
    D:11: 999 daAuts
     D:2: 996 daAuts
